Map: Estaleiro Orbital

Players

BamBam

  • Race: Zerg Zerg
  • League: Master

TheZergLord - Winner!

  • Race: Zerg Zerg
  • League: Master

VOD

Have the link to the VOD?

Description

Time

  • Played on: Feb. 20, 2016, 5:05 a.m.
  • Length: 13:04
Show
View Real Time Build Order
Export as new Build Order

BamBam Zerg 

Build Orders: Hatch First, Muta Ling Bane 

Get SALT Encoding   

  12  0:02  Drone  
  13  0:10  Drone  
  14  0:20  Extractor  
  14  0:21  Extractor  
  12  0:23  Drone x2  
  12  0:28  Overlord  
  16  0:53  Hatchery  
  16  0:56  Drone  
  16  0:58  Drone  
  16  1:00  Drone  
  16  1:04  Extractor  
  17  1:10  Drone  
  18  1:25  Drone, Spawning Pool  
  17  1:31  Drone  
  19  1:39  Drone  
  20  1:50  Drone  
  21  2:13  Drone x3, Queen x2  
  21  2:15  Metabolic Boost  
  28  2:22  Overlord  
  28  2:32  Overlord  
  28  2:40  Baneling Nest  
  28  2:42  Zergling x2  
  28  2:53  Zergling x6  
  28  2:55  Drone  
  32  3:00  Drone  
  33  3:10  Drone x2  
  35  3:18  Drone  
  36  3:26  Baneling x2  
  36  3:31  Drone  
  36  3:32  Drone x6  
  43  3:39  Overlord  
  34  3:49  Spine Crawler  
  32  4:01  Zergling x8  
  35  4:06  Zergling x2  
  35  4:07  Spine Crawler  
  30  4:22  Drone x5  
  35  4:32  Baneling x2  
  35  4:35  Drone x2  
  35  4:36  Lair  
  37  4:42  Drone  
  37  4:43  Drone  
  35  5:13  Drone  
  27  5:14  Drone x4  
  27  5:18  Extractor  
  30  5:21  Drone, Extractor  
  30  5:22  Extractor  
  30  5:23  Hatchery  
  28  5:30  Zergling x2  
  28  5:35  Spine Crawler  
  28  5:49  Zergling x8  
  32  6:00  Spire  
  31  6:05  Drone x5  
  31  6:06  Baneling x2  
  36  6:11  Drone  
  37  6:20  Drone  
  38  6:28  Drone  
  38  6:29  Drone x2  
  41  6:36  Drone x3  
  44  6:47  Drone x2  
  44  6:48  Drone x2  
  47  6:58  Overlord  
  47  7:12  Mutalisk x5  
  57  7:17  Mutalisk  
  57  7:20  Mutalisk  
  61  7:25  Mutalisk  
  61  7:28  Mutalisk  
  65  7:41  Overlord x3  
  65  7:52  Zerg Flyer Weapons Level 1  
  65  7:54  Centrifical Hooks  
  65  8:01  Evolution Chamber x2  
  65  8:03  Drone x4  
  67  8:08  Drone x2  
  69  8:14  Drone  
  69  8:15  Drone x2  
  69  8:17  Drone  
  69  8:18  Drone  
  74  8:20  Drone  
  75  8:29  Zerg Melee Weapons Level 1  
  75  8:30  Zerg Ground Armor Level 1  
  75  8:33  Drone x2  
  75  8:34  Drone  
  78  8:36  Overseer  
  78  8:38  Drone  
  78  8:39  Drone  
  80  8:43  Drone x3  
  80  8:48  Drone x2  
  85  8:54  Overseer  
  85  8:57  Drone x4  
  85  9:00  Burrow  
  89  9:05  Overlord x3  
  89  9:14  Baneling  
  89  9:15  Baneling x6  
  89  9:20  Hatchery  
  88  9:26  Zergling x2  
  88  9:27  Zergling x14  
  96  9:32  Extractor  
  96  9:34  Extractor  
  96  9:37  Zergling x2  
  96  9:38  Zergling x14  
  102  9:52  Baneling  
  102  9:53  Baneling x13  
  102  9:54  Zergling x2  
  102  9:55  Zergling x12  
  109  10:00  Spine Crawler  
  99  10:14  Mutalisk x3, Baneling x4  
  99  10:15  Mutalisk x3, Baneling x5  
  99  10:18  Overlord x2  
  77  10:38  Mutalisk x4  
  74  10:45  Zergling x2  
  74  10:46  Zergling x18  
  71  10:56  Mutalisk x2  
  57  11:18  Drone  
  57  11:21  Drone x2  
  57  11:22  Drone  
  57  11:23  Drone  
  57  11:25  Mutalisk  
  56  11:40  Drone x3  
  55  11:48  Drone x20  
  53  12:13  Drone x2  
  53  12:14  Drone x3  
  58  12:22  Drone x2  
  52  12:39  Hatchery  
  51  12:46  Drone x3  
  54  12:51  Hydralisk Den  
Show
View Real Time Build Order
Export as new Build Order

TheZergLord Zerg - Winner!

Build Orders: Hatch First, Zergling Baneling 

Get SALT Encoding   

  12  0:01  Drone  
  13  0:12  Overlord  
  13  0:17  Drone  
  14  0:30  Drone  
  14  0:31  Drone  
  14  0:34  Drone  
  17  0:54  Hatchery  
  17  0:56  Drone  
  17  1:09  Spawning Pool  
  16  1:11  Extractor  
  16  1:14  Drone  
  16  1:20  Drone x2  
  18  1:28  Drone  
  19  1:39  Overlord  
  19  1:49  Drone  
  20  1:56  Queen  
  20  2:00  Zergling x2  
  23  2:06  Queen  
  23  2:07  Drone  
  26  2:11  Drone  
  26  2:14  Metabolic Boost  
  27  2:18  Drone  
  29  2:22  Drone  
  29  2:29  Drone  
  30  2:42  Baneling Nest  
  30  2:43  Drone x3  
  32  2:44  Queen  
  32  2:50  Overlord  
  34  2:54  Drone  
  35  3:11  Zergling x6  
  35  3:12  Zergling x6  
  41  3:17  Overlord  
  41  3:18  Zergling x4  
  43  3:27  Baneling x2  
  43  3:28  Overlord x2  
  43  3:38  Zergling x2  
  43  3:49  Baneling  
  43  3:50  Baneling x5  
  39  4:07  Zergling x12  
  39  4:08  Zergling x2  
  42  4:23  Overlord  
  42  4:24  Drone x4  
  45  4:33  Drone  
  45  4:37  Overlord  
  46  4:40  Hatchery, Baneling  
  46  4:41  Baneling x4  
  45  4:48  Drone x2  
  45  4:51  Drone x2  
  45  4:52  Drone x4  
  53  4:56  Extractor x2  
  53  4:57  Roach Warren  
  47  5:18  Baneling  
  47  5:20  Baneling  
  47  5:24  Drone x3  
  47  5:25  Drone  
  51  5:29  Overlord x2  
  51  5:30  Drone  
  51  5:32  Extractor  
  51  5:33  Drone x3  
  52  5:56  Queen  
  53  5:58  Lair  
  53  5:59  Roach  
  53  6:00  Roach x8  
  53  6:03  Queen  
  73  6:13  Drone x5  
  73  6:18  Drone x2  
  80  6:19  Spore Crawler  
  80  6:20  Spore Crawler  
  80  6:22  Drone  
  80  6:24  Drone, Spore Crawler x2  
  78  6:32  Queen  
  80  6:33  Spore Crawler x2  
  78  6:58  Glial Reconstitution  
  78  7:04  Hydralisk Den  
  78  7:05  Evolution Chamber, Drone x3  
  78  7:07  Evolution Chamber  
  78  7:10  Drone x14  
  78  7:15  Extractor x2  
  91  7:21  Overlord x2  
  91  7:22  Overlord  
  90  7:34  Muscular Augments  
  90  7:35  Zerg Ground Armor Level 1, Zerg Missile Weapons Level 1  
  90  7:43  Drone x4  
  90  7:44  Drone x2  
  96  7:45  Drone  
  97  7:54  Hydralisk x4  
  105  8:13  Overlord  
  105  8:14  Overlord  
  103  8:34  Hydralisk x2  
  103  8:35  Hydralisk x3  
  103  8:38  Overlord x4  
  103  8:40  Overlord x3  
  113  8:57  Infestation Pit, Hydralisk x4  
  113  8:58  Hydralisk x7  
  134  9:05  Hydralisk x2  
  137  9:10  Hydralisk x3  
  137  9:11  Hydralisk  
  137  9:15  Overlord  
  145  9:18  Roach x3  
  145  9:20  Roach  
  153  9:30  Zerg Ground Armor Level 2, Zerg Missile Weapons Level 2  
  153  9:33  Roach x2  
  157  9:38  Pathogen Glands  
  157  9:41  Roach x2  
  157  9:42  Roach  
  163  9:56  Roach x6  
  163  9:57  Roach  
  163  9:58  Overlord  
  149  10:32  Hatchery  
  149  10:33  Roach  
  149  10:34  Roach x14  
  149  10:35  Roach  
  158  10:41  Hydralisk x3  
  154  11:05  Infestor x2  
  154  11:06  Infestor x2  
  154  11:08  Hydralisk x5  
  154  11:19  Hydralisk x3  
  154  11:24  Hydralisk x2  
  154  11:25  Hydralisk  
  128  11:50  Hydralisk x4  
  128  11:51  Roach  
  128  11:52  Roach x4  
  142  11:59  Queen  
  132  12:06  Hydralisk x2  
  132  12:07  Hydralisk x4  
  132  12:08  Hydralisk  
  148  12:15  Roach  
  148  12:16  Roach  
  148  12:22  Roach x2  
  154  12:26  Roach x2  
  154  12:36  Roach x6  
  154  12:37  Roach  
Tags
 
Add a new tag
Caveats
  • Supply blocks, unpowered buildings, or Contaminate may cause inaccurate times.
  • Supply counts are checked every 10 seconds.